 Dungeon Crawl Stone Soup version 0.28-a0-1555-g9ae15a6949 (webtiles) character file.

Game seed: 4834540225787893146

7599 Shayle the Skirmisher (level 10, -8/77 HPs)
             Began as a Demonspawn Warper on Jan 18, 2022.
             Was an Initiate of Ashenzari.
             Mangled by a two-headed ogre (25 damage)
             ... on level 11 of the Dungeon on Jan 19, 2022.
             The game lasted 00:36:18 (14470 turns).

Shayle the Skirmisher (Demonspawn Warper)          Turns: 14470, Time: 00:36:19

Health: -8/77      AC: 11    Str: 18    XL:     10   Next: 97%
Magic:  16/19      EV: 13    Int: 19    God:    Ashenzari [......]
Gold:   417        SH:  0    Dex: 12    Spells: 10/21 levels left

rFire   . . .      SeeInvis .   i - +2 war axe (drain)
rCold   . . .      Faith    .   (no shield)
rNeg    . . .      Spirit   .   M - +3 leather armour {rPois}
rPois   +          Reflect  .   (no helmet)
rElec   .          Harm     .   (no cloak)
rCorr   +          Rampage  .   u - +2 pair of gloves "Share My Abstinence" {Alch, Bglg} (curse)
Will    .....                   (no boots)
Stlth   +.........              e - amulet of the acrobat
HPRegen 0.22/turn               h - ring of resist corrosion
MPRegen 0.16/turn               z - +6 ring of strength

@: no status effects
A: hooves 1, slimy green scales 1, demonic guardian 2, foul stench 1
a: Renounce Religion, Curse Item, Shatter the Chains


You were on level 11 of the Dungeon.
You worshipped Ashenzari.
Ashenzari was noncommittal.
You visited 2 branches of the dungeon, and saw 12 of its levels.
You also visited: Sewer and Ossuary.

You collected 417 gold pieces.

Inventory:

Hand Weapons
 b - a +5 spear of venom
 g - a +0 short sword of protection
 i - a +2 war axe of draining (weapon)
 l - a +2 dagger of venom
 r - a +2 scythe of protection
 v - a +2 whip of freezing
Missiles
 c - a boomerang of dispersal (quivered)
 f - 21 poisoned darts
 p - 15 boomerangs
Armour
 a - a +1 leather armour
 u - the cursed +2 pair of gloves "Share My Abstinence" (worn) {Alch, Bglg}
   (You found it on level 4 of the Dungeon)

   It has a curse which improves the following skills: Alchemy: Poison Magic and
   Transmutations.
   Beguiling: Conjurations, Hexes and Translocations.
 x - a +2 robe of resistance
 M - a +3 leather armour of poison resistance (worn)
 P - a +0 troll leather armour
Jewellery
 e - an amulet of the acrobat (around neck)
 h - a ring of resist corrosion (left hand)
 q - a +6 ring of dexterity
 z - a +6 ring of strength (right hand)
 B - a ring of fire
 K - a ring of positive energy
 L - an amulet of guardian spirit
 N - a ring of see invisible
Wands
 k - a wand of polymorph (10)
 A - a wand of flame (28)
 E - a wand of digging (4)
Scrolls
 y - a scroll of blinking
 D - a scroll of immolation
 G - 3 scrolls of amnesia
 I - 2 scrolls of fog
 O - a scroll of silence
Potions
 j - 2 potions of flight
 m - 4 potions of mutation
 n - 3 potions of magic
 o - 2 potions of resistance
 s - 4 potions of brilliance
 w - a potion of might {unknown}
 H - 5 potions of lignification


   Skills:
 + Level 6.8 Fighting
 + Level 5.3 Axes
 - Level 0.8 Throwing
 - Level 0.8 Armour
 + Level 6.0 Dodging
 - Level 1.7 Unarmed Combat
 + Level 6.1 Spellcasting
 + Level 5.0(5.5) Conjurations
 + Level 6.4(6.9) Translocations
 + Level 2.1(2.4) Transmutations
 + Level 4.5 Air Magic
 + Level 5.0(5.4) Poison Magic


You had 10 spell levels left.
You knew the following spells:

 Your Spells              Type           Power      Damage    Failure   Level
a - Blink                 Tloc           64%        N/A       1%          2
b - Teleport Other        Tloc           32%        N/A       2%          3
c - Mephitic Cloud        Conj/Pois/Air  25%        N/A       4%          3
d - Ignite Poison         Fire/Tmut/Pois 15%        N/A       13%         3

Your spell library contained the following spells:

 Spells                   Type           Power      Damage    Failure   Level
 Apportation              Tloc           64%        N/A       1%          1
 Gell's Gravitas          Tloc           32%        N/A       2%          3
 Lesser Beckoning         Tloc           32%        N/A       2%          3
 Beastly Appendage        Tmut           30%        N/A       4%          1
 Swiftness                Air            23%        N/A       6%          3
 Wereblood                Tmut           15%        N/A       8%          2
 Spider Form              Tmut/Pois      20%        N/A       8%          3
 Portal Projectile        Hex/Tloc       38%        N/A       10%         3
 Passwall                 Tmut/Erth      8%         N/A       12%         2
 Ensorcelled Hibernation  Hex/Ice        10%        N/A       21%         2
 Manifold Assault         Tloc           32%        N/A       22%         5
 Call Canine Familiar     Summ           5%         N/A       36%         3
 Alistair's Intoxication  Tmut/Pois      13%        N/A       58%         5
 Freezing Cloud           Conj/Ice/Air   9%         6-21      67%         5
 Leda's Liquefaction      Hex/Erth       2%         N/A       78%         4
 Storm Form               Tmut/Air       9%         N/A       100%        7


Dungeon Overview and Level Annotations

Branches:
Dungeon (11/15)            Temple (1/1) D:7           Sewer (visited)
Ossuary (visited)
   Lair: D:8-11         Orc: D:9-12

Altars:
Ashenzari
Cheibriados
Dithmenos
Elyvilon
Fedhas
Gozag
Hepliaklqana
Kikubaaqudgha
Makhleb
Nemelex Xobeh
Okawaru
Qazlal
Ru
Sif Muna
Trog
Uskayaw
Vehumet
Wu Jian
Xom
Zin
The Shining One

Shops:
D:2 =(   D:7 *

Annotations:
D:10 Urug


Innate Abilities, Weirdness & Mutations

You have large cloven feet.
You are partially covered in slimy green scales. (AC +2)
A demonic guardian rushes to your aid.
You may rarely emit foul miasma when damaged in melee.


Message History

The vampire mosquito misses you.
There is a stone staircase leading down, spattered with blood here.
The vampire mosquito bites you but does no damage.
The komodo dragon bites you but does no damage.
The yak barely misses you.
You climb downwards.
The two-headed ogre hits you with a +0 giant club!
The two-headed ogre closely misses you.
There is a stone staircase leading up, spattered with blood here.
Casting: Mephitic Cloud (dangerous; 4% risk of failure)
Confirm with . or Enter, or press ? or * to list all spells.
Aiming: Mephitic Cloud (dangerous; 4% risk of failure)
Press: ? - help, Shift-Dir - straight line
Okay, then.
The vampire mosquito barely misses you.
The komodo dragon hisses menacingly.
The komodo dragon completely misses you.
The yak gores you but does no damage.
Casting: Mephitic Cloud (dangerous; 4% risk of failure)
Confirm with . or Enter, or press ? or * to list all spells.
Aiming: Mephitic Cloud (dangerous; 4% risk of failure)
Press: ? - help, Shift-Dir - straight line, f - komodo dragon
Aim: a komodo dragon (chance to affect: 62%)
The ball explodes into a vile cloud!
The stinking cloud engulfs the komodo dragon but does no damage.
The stinking cloud engulfs you but does no damage.
The stinking cloud engulfs the two-headed ogre but does no damage.
The stinking cloud engulfs the yak but does no damage.
The vampire mosquito bites you but does no damage.
The vampire mosquito completely misses you.
The komodo dragon is engulfed in noxious fumes.
The komodo dragon appears confused.
The komodo dragon bites you.
The yak is engulfed in noxious fumes.
The yak appears confused.
The yak gores you!
* * * LOW HITPOINT WARNING * * *
A demonic guardian appears!
The two-headed ogre is engulfed in noxious fumes.
The two-headed ogre closely misses you.
The two-headed ogre hits you with a +0 giant club!!
You die...

###### #.§○.#
#☼l@4# ######
#☼OYy# #....#
#....# #....#
#....# #....#
#....#
#....#######....#
#............|..#
#........O......#
#...............#


You could see a two-headed ogre, a komodo dragon (confused), a yak (confused,
ally target), a vampire mosquito and a friendly hellwing (summoned).

Vanquished Creatures
  Pikel (D:5)
  A deep elf pyromancer (D:9)
  An ugly thing (D:11)
  A kobold demonologist (D:10)
  2 trolls (D:10)
  Grinder (D:6)
  Sigmund (D:6)
  A vampire (D:7)
  4 yaks (D:10)
  A vampire mosquito (D:8)
  Edmund (D:6)
  An acid dragon (D:10)
  3 black bears
  A necrophage (D:6)
  4 centaurs
  A lemure (D:5)
  A kobold brigand (D:9)
  2 bullfrogs
  A gnoll sergeant (D:10)
  A wyvern zombie (D:6)
  16 scorpions (Ossuary)
  4 killer bees (D:8)
  5 wights
  A bullfrog zombie (D:7)
  8 centaur zombies
  A hound (D:5)
  A jelly (D:7)
  2 human zombies (Ossuary)
  2 orc priests
  3 iguanas
  A scorpion zombie (Ossuary)
  5 orc wizards
  A killer bee zombie (D:4)
  4 mummies
  A howler monkey zombie (D:5)
  4 gnolls (D:10)
  10 adders
  5 river rats (Sewer)
  3 white imps
  A worm (D:3)
  30 orcs
  8 endoplasms
  2 giant cockroaches
  2 gnoll zombies (Ossuary)
  9 goblins
  7 hobgoblins
  12 jackals
  7 quokkas
  16 ball pythons
  8 bats
  5 frilled lizards
  A goblin zombie (Ossuary)
  A hobgoblin zombie (Ossuary)
  7 kobolds
  6 kobold zombies
  3 orc zombies
  24 rats
256 creatures vanquished.

Vanquished Creatures (collateral kills)
  2 vampire mosquitoes (D:8)
  Menkaure (D:6)
  An orc warrior (D:4)
  A black bear (D:8)
  A centaur (D:6)
  A lemure (D:5)
  2 bullfrogs (Sewer)
  An orc priest (D:6)
  A gnoll (D:10)
  A ball python (Sewer)
12 creatures vanquished.

Vanquished Creatures (others)
  3 fungi (D:2)
  2 plants (D:2)
5 creatures vanquished.

Grand Total: 273 creatures vanquished

Notes
Turn   | Place    | Note
-------+----------+-------------------------------------------
     0 | D:1      | Shayle the Demonspawn Warper began the quest for the Orb.
     0 | D:1      | Reached XP level 1. HP: 16/16 MP: 3/3
   350 | D:1      | Gained mutation: You have large cloven feet. [demonic
                  | ancestry]
   350 | D:1      | Reached XP level 2. HP: 14/22 MP: 5/5
  1242 | D:1      | Gained mutation: You are partially covered in slimy green
                  | scales. (AC +2) [demonic ancestry]
  1242 | D:1      | Reached XP level 3. HP: 20/28 MP: 6/6
  1807 | D:2      | Found Ybuif's Jewellery Shoppe.
  1904 | D:2      | Found a faded altar of an unknown god.
  2179 | D:2      | Reached XP level 4. HP: 28/34 MP: 7/7
  2514 | D:2      | Found Epsacoc's Antique Weapon Emporium.
  3139 | D:3      | Found a glowing drain.
  3143 | Sewer    | Entered a sewer
  3374 | Sewer    | Gained mutation: A weak demonic guardian rushes to your
                  | aid. [demonic ancestry]
  3374 | Sewer    | Reached XP level 5. HP: 33/41 MP: 9/9
  3383 | Sewer    | Reached skill level 1 in Axes
  4096 | Sewer    | Reached XP level 6. HP: 9/47 MP: 10/10
  5091 | D:4      | Noticed an orc warrior
  5272 | D:5      | Entered Level 5 of the Dungeon
  5819 | D:4      | Killed an orc warrior
  5820 | D:4      | Gained mutation: A demonic guardian rushes to your aid.
                  | [demonic ancestry]
  5820 | D:4      | Reached XP level 7. HP: 54/54 MP: 12/12
  5831 | D:4      | Learned a level 2 spell: Blink
  5835 | D:4      | Learned a level 3 spell: Teleport Other
  5839 | D:4      | Learned a level 3 spell: Mephitic Cloud
  5843 | D:4      | Learned a level 3 spell: Ignite Poison
  6737 | D:5      | Noticed Pikel
  6751 | D:5      | Killed Pikel
  6752 | D:5      | Reached skill level 1 in Conjurations
  6752 | D:5      | Reached skill level 1 in Air Magic
  6752 | D:5      | Reached skill level 1 in Poison Magic
  6752 | D:5      | Gained mutation: You may rarely emit foul miasma when
                  | damaged in melee. [demonic ancestry]
  6752 | D:5      | Reached XP level 8. HP: 17/61 MP: 12/14
  7400 | D:5      | Found a burning altar of Makhleb.
  7439 | D:5      | Found a hazy altar of Hepliaklqana.
  7770 | D:6      | Noticed Sigmund
  7787 | D:6      | Killed Sigmund
  8333 | D:6      | Reached skill level 5 in Fighting
  8401 | D:6      | Noticed Grinder
  8424 | D:6      | Paralysed by something for 2 turns
  8434 | D:6      | Killed Grinder
  8667 | D:6      | Reached skill level 5 in Translocations
  8773 | D:6      | Noticed Menkaure
  8781 | D:6      | Killed Menkaure
  8782 | D:6      | Reached XP level 9. HP: 49/68 MP: 14/16
  8896 | D:6      | Noticed Edmund
  8901 | D:6      | Killed Edmund
  9262 | D:7      | Found Xoybbije's General Store.
  9308 | D:7      | Found a sand-covered staircase.
  9317 | Ossuary  | Entered an ossuary
  9521 | Ossuary  | Reached skill level 5 in Spellcasting
  9720 | Ossuary  | Reached skill level 5 in Dodging
 10173 | D:7      | Found a staircase to the Ecumenical Temple.
 10182 | Temple   | Entered the Ecumenical Temple
 10264 | Temple   | Became a worshipper of Ashenzari the Shackled
 10591 | D:7      | Reached XP level 10. HP: 66/76 MP: 18/18
 13010 | D:9      | Noticed a deep elf pyromancer
 13023 | D:9      | Killed a deep elf pyromancer
 13024 | D:9      | Reached skill level 1 in Transmutations
 13384 | D:9      | You fall into a shaft and drop 1 floor!
 13384 | D:10     | Entered Level 10 of the Dungeon
 13438 | D:10     | Reached skill level 5 in Axes
 13952 | D:10     | Noticed a harpy
 14081 | D:10     | Reached skill level 5 in Conjurations
 14081 | D:10     | Reached skill level 5 in Poison Magic
 14306 | D:10     | Noticed a centaur warrior
 14310 | D:10     | Noticed a purple ugly thing
 14331 | D:11     | Killed a purple ugly thing
 14435 | D:11     | Noticed a two-headed ogre
 14461 | D:10     | Noticed Urug
 14470 | D:11     | Mangled by a two-headed ogre

Illustrated notes

Levels and vault maps discovered:
D:1:      dpeg_arrival_radiant, layout_basic, minmay_unequal
D:2:      layout_basic, serial_shops, nicolae_shop_behind_doors,
          nicolae_shop_stone, shapermc_ecumenical_altar_hornbeckon
D:3:      layout_rooms, gup_sewer_entry_bowl
D:4:      layout_basic
D:5:      layout_basic, mainiacjoe_overflow_two_lobes, minmay_mini_ossuary,
          uniq_pikel
D:6:      layout_loops_corners, chequers_serial_rivers_micro_c, uniq_edmund,
          uniq_sigmund, uniq_menkaure, uniq_grinder
D:7:      layout_basic, minmay_temple_entry_statues_fountains, serial_shops,
          nicolae_shop_statue_plus, nicolae_ossuary_entry_monument,
          solitary_fountain
D:8:      layout_loops_cross, minmay_door_square
D:9:      layout_loops_ring, minmay_misc_feat_nine_boxes
D:10:     minmay_the_grid_4x2 [minmay_the_grid_medium_cups,
          minmay_the_grid_eight, minmay_the_grid_box_x,
          minmay_the_grid_large_cup, minmay_the_grid_slots,
          minmay_the_grid_zigzag_pyramid, minmay_the_grid_rooms,
          minmay_the_grid_prize_inner_circle], layout_layer_cave,
          lair_entry_dummy, uniq_urug
D:11:     minmay_s_stair_smasher, layout_stronghold, hiddenorc1_lemuel,
          serial_shops, shop, elyvilon_altar_5, uniq_maurice
Temple:   regret_index_temple_chain_breaker

Skill      XL: |  1  2  3  4  5  6  7  8  9 10 |
---------------+-------------------------------+-----
Dodging        | 2 3 4 5 6 |  6.0
Translocations | 3 4 5 6 |  6.4
Fighting       | 3 4 5 6 |  6.8
Axes           | 1 2 3 4 5 |  5.3
Spellcasting   | 3 4 5 6 |  6.1
Conjurations   | 1 2 4 5 |  5.0
Air Magic      | 1 2 3 4 |  4.5
Poison Magic   | 1 2 4 5 |  5.0
Transmutations | 2 |  2.1
Throwing       | |  0.8
Armour         | |  0.8
Unarmed Combat | |  1.7

Action                   |  1- 3 |  4- 6 |  7- 9 | 10-12 || total
-------------------------+-------+-------+-------+-------++-------
Melee: Unarmed           |   147 |       |     4 |       ||   151
       Punch             |     6 |     4 |    12 |     4 ||    26
       Kick              |    29 |    38 |    86 |    46 ||   199
       War axe           |    12 |   216 |   270 |   181 ||   679
Throw: Boomerang         |     4 |       |       |       ||     4
       Dart              |       |       |     1 |     1 ||     2
 Cast: Mephitic Cloud    |       |       |       |     7 ||     7
       Ignite Poison     |       |       |       |     1 ||     1
Invok: Curse Item        |       |       |       |     1 ||     1
Evoke: Wand              |       |       |     9 |     7 ||    16
  Use: Potion            |       |     4 |     3 |     7 ||    14
       Scroll            |       |    13 |     9 |     6 ||    28
 Stab: Confused          |       |       |       |     2 ||     2
       Invisible         |       |       |       |     1 ||     1
Armor: Leather armour    |    65 |   112 |   131 |    98 ||   406
Dodge: Dodged            |    95 |   204 |   225 |   210 ||   734

Table legend: (Time is in decaauts)
 A = Elapsed time spent in this place.
 B = Non-inter-level travel time spent in this place.
 C = Inter-level travel time spent in this place.
 D = Time resting spent in this place.
 E = Time spent auto-exploring this place.
 F = Levels seen in this place.
 G = Mean time per level.
                   A        B        C        D        E       F      G
               +--------+--------+--------+--------+--------+-----+--------+
         Total |  14783 |  14611 |    172 |   4758 |   6257 |  14 | 1055.9 |
       Dungeon |  12464 |  12312 |    152 |   3461 |   6095 |  11 | 1133.1 |
        Temple |    102 |     82 |     20 |      0 |     59 |   1 |  102.0 |
         Sewer |   1332 |   1332 |      0 |    835 |    103 |   1 | 1332.0 |
       Ossuary |    883 |    883 |      0 |    461 |      0 |   1 |  883.0 |
               +--------+--------+--------+--------+--------+-----+--------+

Top non-repeatable levels by time:
     D:1: 1786 daAuts
     D:8: 1561 daAuts
     D:6: 1520 daAuts
     D:5: 1483 daAuts
   Sewer: 1332 daAuts
     D:2: 1305 daAuts
     D:4: 1302 daAuts
     D:7: 1223 daAuts
    D:10: 970 daAuts
 Ossuary: 883 daAuts
     D:3: 680 daAuts
     D:9: 485 daAuts
    D:11: 143 daAuts
  Temple: 102 daAuts
